 Dungeon Crawl Stone Soup version 0.27.1-34-g3ba077fa99 (webtiles) character file.

Game seed: 9739622800940043998

11 Descartes the Grasshopper (level 2, -1/22 HPs)
             Began as a Formicid Warper on Jan 17, 2022.
             Slain by a quokka (2 damage)
             ... on level 1 of the Dungeon.
             The game lasted 00:00:50 (291 turns).

Descartes the Grasshopper (Formicid Warper)          Turns: 291, Time: 00:00:51

Health: -1/22      AC:  3    Str: 15    XL:     2   Next: 35%
Magic:  5/5        EV: 11    Int: 12    God:
Gold:   2          SH:  0    Dex: 10    Spells: 5/5 levels left

rFire    . . .     SeeInvis +   a - +0 mace
rCold    . . .     Faith    .   (no shield)
rNeg     . . .     Spirit   .   b - +0 leather armour
rPois    .         Reflect  .   (helmet unavailable)
rElec    .         Harm     .   (no cloak)
rCorr    .         Rampage  .   (no gloves)
Will     .....                  (no boots)
Stlth    +.........             (no amulet)
HPRegen  0.07/turn              (no ring)
MPRegen  0.09/turn              (no ring)

@: no status effects
A: permanent stasis, dig shafts and tunnels, antennae 3, four strong arms
a: Dig, Shaft Self


You were on level 1 of the Dungeon.
You visited 1 branch of the dungeon, and saw 1 of its levels.

You collected 2 gold pieces.

Inventory:

Hand Weapons
 a - a +0 mace (weapon)
Missiles
 c - 5 boomerangs of dispersal (quivered)
 e - 16 stones
Armour
 b - a +0 leather armour (worn)
Scrolls
 d - 2 scrolls of identify {unknown}
 f - a scroll of teleportation {unknown}
Potions
 g - a potion of brilliance {unknown}


   Skills:
 - Level 2.1 Fighting
 - Level 2.0 Maces & Flails
 - Level 1.0 Throwing
 + Level 1.9 Armour
 - Level 1.7 Dodging
 - Level 2.1 Spellcasting
 + Level 3.0 Translocations


You had 5 spell levels left.
You didn't know any spells.
Your spell library contained the following spells:

 Spells                   Type           Power      Damage    Failure   Level
 Gell's Gravitas          Tloc           4%         N/A       28%         3
 Lesser Beckoning         Tloc           4%         N/A       28%         3
 Teleport Other           Tloc           8%         N/A       28%         3
 Manifold Assault         Tloc           8%         N/A       95%         5
 Blink                    Tloc           Unusable   N/A       N/A         2

Dungeon Overview and Level Annotations

Branches:
Dungeon (1/15)

Altars:

Shops:
D:1 ?


Innate Abilities, Weirdness & Mutations

You cannot be hasted, slowed, berserked, paralysed or teleported.
You can dig through walls and to a lower floor.
You have a pair of large antennae on your head. (SInv)
Your four strong arms can wield two-handed weapons with a shield.


Message History

You are too injured to fight recklessly!
There are monsters nearby!
You hit the quokka but do no damage.
The quokka is heavily wounded.
The quokka bites you. The dart slug launches a dart at you.
The slug dart misses you. The quokka bites you.
* * * LOW HITPOINT WARNING * * *
You barely miss the quokka.
The quokka is heavily wounded.
The quokka misses you. The dart slug closely misses you.
You closely miss the quokka.
The quokka is heavily wounded.
The quokka completely misses you. The dart slug barely misses you.
The quokka barely misses you.
Unknown command.
You barely miss the quokka.
The quokka is heavily wounded.
The quokka bites you but does no damage.
The dart slug barely misses you.
You closely miss the quokka.
The quokka is heavily wounded.
The quokka bites you but does no damage.
The quokka bites you.
* * * LOW HITPOINT WARNING * * *
The dart slug bites you but does no damage.
You barely miss the quokka.
The quokka is heavily wounded.
The quokka closely misses you. The dart slug closely misses you.
The quokka barely misses you.
Unknown command.
You closely miss the quokka.
The quokka is heavily wounded.
The quokka bites you.
* * * LOW HITPOINT WARNING * * *
The dart slug misses you.
You hit the dart slug.
The dart slug is lightly wounded.
The quokka bites you.
You die...

#.###...########.∩..
#)# #...# #.###
#.##############.###
#...................
#.##############....
#.........# ########
#.........# ........
#.........# ........
#..@......# ........
#..rw.....# ........
...........$.
........
####.........#
........ #.........#
...).... #.........#
########
#.####.#############
#. .. ..........
##########


You could see a dart slug and a quokka.

Vanquished Creatures
  A giant cockroach (D:1)
  A goblin (D:1)
  A hobgoblin (D:1)
  A quokka (D:1)
  3 ball pythons (D:1)
  A bat (D:1)
  A frilled lizard (D:1)
  A kobold (D:1)
10 creatures vanquished.

Notes
Turn   | Place    | Note
-------+----------+-------------------------------------------
     0 | D:1      | Descartes the Formicid Warper began the quest for the Orb.
     0 | D:1      | Reached XP level 1. HP: 16/16 MP: 3/3
   194 | D:1      | Reached XP level 2. HP: 22/22 MP: 5/5
   204 | D:1      | Reached skill level 3 in Translocations
   224 | D:1      | Found Woutz's Magic Scroll Shop.
   290 | D:1      | HP: 1/22 [quokka (2)]
   291 | D:1      | Slain by a quokka

Illustrated notes

Levels and vault maps discovered:
D:1:      minmay_arrival_split_and_join, layout_basic, serial_shops, shop,
          shapermc_ecumenical_altar_rom_forum

Skill      XL: |  1  2 |
---------------+-------+-----
Translocations | 3 |  3.0
Fighting       | |  2.1
Maces & Flails | |  2.0
Throwing       | |  1.0
Armour         | |  1.9
Dodging        | |  1.7
Spellcasting   | |  2.1

Action                   || total
-------------------------++-------
Melee: Mace              ||    30
Armor: Leather armour    ||    12
Dodge: Dodged            ||    26
